 Dungeon Crawl Stone Soup version 0.31.0-4-g52a2dc7128 (webtiles) character file.

Game seed: 5312345979458501861

2051 GordonOverkill the Chiller (level 9, 0/37 (52) HPs)
             Began as a Kobold Reaver on Jan 22, 2024.
             Succumbed to a kobold brigand's poison
             ... in a bailey.
             The game lasted 00:24:41 (8825 turns).

GordonOverkill the Chiller (Kobold Reaver)          Turns: 8825, Time: 00:24:42

HP:   0/37 (52)     AC:  4    Str: 10    XL:     9   Next: 49%
MP:   12/16         EV: 14    Int: 22    God:
Gold: 466           SH:  0    Dex: 13    Spells: 13/18 levels left

rFire   + . .        j - +8 mace of Valiance {flame, rF+ Int+4}
rCold   . . .        (no shield)
rNeg    . . .        b - +0 leather armour
rPois   .            o - +0 helmet
rElec   .            (no cloak)
rCorr   .            (no gloves)
SInv    .            (no boots)
Will    .....        (no amulet)
Stlth   ++           (no ring)
HPRegen 0.26/turn    (no ring)
MPRegen 0.15/turn

%: no passive effects
@: mighty, brilliant, lethally poisoned (0 -> -4), very heavily drained
A: small, no large weapons, nightstalker 3
a: no special abilities


You were in a bailey.
You visited 1 branch of the dungeon, and saw 7 of its levels.
You also visited: Bailey.

You collected 466 gold pieces.

Inventory:

Hand Weapons
 j - the +8 mace of Valiance (weapon) {flame, rF+ Int+4}
   (You found it on level 4 of the Dungeon)

   Int+4:     It affects your intelligence (+4).
   rF+:       It protects you from fire.
 u - a +3 dagger
Missiles
 h - a throwing net
 w - 2 curare-tipped darts
Armour
 b - a +0 leather armour (worn)
 c - a +0 ring mail
 o - a +0 helmet (worn)
Magical Staves
 e - a staff of air
 t - a staff of fire
Wands
 g - a wand of flame (22)
Scrolls
 d - a scroll of blinking
 f - a scroll of silence
 i - a scroll of enchant armour
 k - a scroll of immolation
 m - a scroll of vulnerability
 p - 3 scrolls of teleportation
 q - a scroll of fog
 s - a scroll of amnesia


   Skills:
 - Level 4.0 Fighting
 - Level 4.0 Short Blades
 + Level 3.9 Maces & Flails
 - Level 2.4 Dodging
 - Level 5.0 Spellcasting
 - Level 7.0 Conjurations
 - Level 7.0 Ice Magic


You had 13 spell levels left.
You knew the following spells:

 Your Spells              Type           Power      Damage    Failure   Level
a - Kiss of Death         Conj/Necr      100%       2d13      3%          1
b - Hailstorm             Conj/Ice       53%        3d10      2%          3
c - Magic Dart            Conj           100%       1d8       1%          1

Your spell library contained the following spells:

 Spells                   Type           Power      Damage    Failure   Level
 Searing Ray              Conj           100%       2d8       1%          2
 Momentum Strike          Conj/Tloc      62%        3d9       4%          2
 Fulminant Prism          Conj/Alch      15%        3d10      32%         4


Dungeon Overview and Level Annotations

Branches:
Dungeon (7/15)             Bailey (1/1)
 Temple: D:4-7

Altars:
Ashenzari
Cheibriados
Nemelex Xobeh
Okawaru
Ru
Uskayaw
Xom

Shops:
D:2 =

Annotations:
D:4 Duvessa, Menkaure, Robin
D:6 exclusions: centaur and steam dragon


Innate Abilities, Weirdness & Mutations

You are small and have problems with some larger weapons.
You are completely attuned to the shadows.


Message History

Your butterfly is poisoned.
You kill your butterfly!
Your butterfly disappears in a burst of colours!
Your butterfly is engulfed in poison gas.
Your butterfly is poisoned.
You kill your butterfly!
Your butterfly disappears in a burst of colours!
Your butterfly is engulfed in poison gas.
Your butterfly looks even sicker.
You kill your butterfly!
Your butterfly disappears in a burst of colours!
Your butterfly is engulfed in poison gas.
Your butterfly is poisoned.
You kill your butterfly!
Your butterfly disappears in a burst of colours!
Your butterfly is engulfed in poison gas.
Your butterfly is poisoned.
You kill your butterfly!
Your butterfly disappears in a burst of colours!
Your butterfly is engulfed in poison gas.
Your butterfly looks even sicker.
You kill your butterfly!
Your butterfly disappears in a burst of colours!
Your butterfly is poisoned.
You feel clever all of a sudden.
* * * LOW HITPOINT WARNING * * *
You feel sick.
You kill your butterfly!
Your butterfly disappears in a burst of colours!
You kill your butterfly!
Your butterfly disappears in a burst of colours!
Your butterfly is engulfed in poison gas.
Your butterfly is poisoned.
You kill your butterfly!
Your butterfly disappears in a burst of colours!
Your butterfly is engulfed in poison gas.
Your butterfly is poisoned.
You kill your butterfly!
Your butterfly disappears in a burst of colours!
You die...

#..(# #...# #.()#
##(.)####
~.(.....~##
§§.§§§§§§~~#####
.§§..bb§§§~~....#
#~§§..§.§§~~###.#
.§§b..@§§§~~....#
#~§§b.b..§~~###.#
.~§.§..b.§~~..).#
#§§§§.b.§§~~###.#
.§§§§.§§.§~~....#
#§§§§§§§§§~~###.#
.~~.......~~....#
......~~#####
.....~##


There were no monsters in sight!

Vanquished Creatures
  A steam dragon (D:7)
  An orc warrior (Bailey)
  A sky beast (D:7)
  An ice beast (D:6)
  A centaur (D:6)
  2 ogres (D:5)
  4 kobold brigands
  A bullfrog (D:5)
  A scorpion (D:6)
  Dowan (D:4)
  4 jellies
  A bombardier beetle (D:5)
  4 orc priests
  A gnoll bouda (D:5)
  2 hounds (D:5)
  2 iguanas
  3 sleepcaps
  4 orc wizards
  18 gnolls
  6 adders
  A white imp (D:6)
  A ribbon worm (D:3)
  4 dart slugs
  12 orcs
  5 bats
  8 endoplasms
  2 giant cockroaches
  9 goblins
  8 hobgoblins
  3 quokkas
  5 ball pythons
  4 frilled lizards (D:2)
  15 kobolds
  3 rats
139 creatures vanquished.

Notes
Turn   | Place    | Note
-------+----------+-------------------------------------------
     0 | D:1      | GordonOverkill the Kobold Reaver began the quest for the
                  | Orb.
     0 | D:1      | Reached XP level 1. HP: 12/12 MP: 3/3
   126 | D:1      | Reached XP level 2. HP: 14/18 MP: 5/5
   681 | D:1      | Reached XP level 3. HP: 23/23 MP: 7/7
   763 | D:1      | Learned a level 3 spell: Hailstorm
   862 | D:2      | Reached skill level 1 in Ice Magic
  1075 | D:2      | Reached XP level 4. HP: 24/28 MP: 8/8
  1136 | D:2      | Found Nucuz's One-of-a-Kind Rings.
  1320 | D:2      | Found a shimmering altar of Xom.
  1420 | D:3      | Found a faded altar of an unknown god.
  1846 | D:3      | Reached XP level 5. HP: 22/28 MP: 4/9
  1891 | D:3      | Found an iron altar of Okawaru.
  2100 | D:3      | Found a hide-covered altar of Uskayaw.
  2158 | D:3      | Found a sparkling altar of Nemelex Xobeh.
  2710 | D:3      | Found a sparkling altar of Nemelex Xobeh.
  2893 | D:3      | Found a faded altar of an unknown god.
  3000 | D:3      | Found a hide-covered altar of Uskayaw.
  3106 | D:3      | Found an iron altar of Okawaru.
  3626 | D:4      | Identified the +8 mace of Valiance {flame, rF+ Int+4}
  3642 | D:4      | Noticed Robin
  3868 | D:4      | Noticed Menkaure
  3887 | D:4      | Noticed Dowan
  3888 | D:4      | Noticed Duvessa
  3918 | D:4      | Reached XP level 6. HP: 23/34 MP: 8/10
  4087 | D:5      | Entered Level 5 of the Dungeon
  4099 | D:5      | Found a sacrificial altar of Ru.
  4216 | D:5      | Noticed an ogre
  4241 | D:5      | Killed an ogre
  4508 | D:5      | Reached XP level 7. HP: 25/26 MP: 6/13
  4753 | D:5      | Reached skill level 5 in Ice Magic
  4845 | D:5      | Found a snail-covered altar of Cheibriados.
  5414 | D:5      | Reached skill level 5 in Conjurations
  5853 | D:4      | Reached XP level 8. HP: 18/35 MP: 7/14
  6328 | D:4      | Killed Dowan
  7209 | D:5      | Learned a level 1 spell: Magic Dart
  7653 | D:6      | Found a broken altar of Ashenzari.
  7837 | D:6      | Reached XP level 9. HP: 19/52 MP: 9/15
  8419 | D:7      | Found a flagged portal.
  8464 | Bailey   | Entered a bailey
  8762 | Bailey   | Reached skill level 5 in Spellcasting
  8810 | Bailey   | Identified the +6 trident "Ruixezui" {venom, rC+}
  8824 | Bailey   | HP: 1/37 [poisoned by a kobold brigand]
  8825 | Bailey   | Succumbed to a kobold brigand's poison

Illustrated notes

Levels and vault maps discovered:
D:1:      nicolae_arrival_washed_ashore, layout_rooms, minmay_misc_feat_cross
D:2:      layout_rooms, basic_altar, hangedman_decor_points,
          nicolae_shop_unique_rings
D:3:      layout_basic, nemelex_altar_shiori, okawaru_altar_gauntlet_db,
          mainiacjoe_overflow_tiny_flanked, nicolae_ecumenical_oubliette,
          hangedman_abyss_or_decor_lesser_grid
D:4:      layout_basic, nicolae_overflow_crystal_walls,
          mainiacjoe_overflow_catwalk, uniq_duvessa, uniq_menkaure, uniq_robin
D:5:      layout_basic, lemuel_tele_altar, nicolae_ru_sacrificial_ziggurat
D:6:      layout_rooms, overflow_temple_1_default, hex_medium,
          kennysheep_generic_room_3
D:7:      layout_loops_corners, grunt_temple_overflow_order_and_chaos_1,
          temple_statues, enter_bailey_2
Bailey:   bailey_axe_3, bailey

Skill      XL: |  1  2  3  4  5  6  7  8  9 |
---------------+----------------------------+-----
Fighting       | 3 4 |  4.0
Spellcasting   | 3 4 5 |  5.0
Ice Magic      | 1 3 4 5 7 |  7.0
Conjurations   | 4 5 7 |  7.0
Maces & Flails | 3 |  3.9
Short Blades   | |  4.0
Dodging        | |  2.4

Action                     |  1- 3 |  4- 6 |  7- 9 || total
---------------------------+-------+-------+-------++-------
  Melee: Short sword       |    38 |       |       ||    38
         Rapier            |    67 |   140 |    30 ||   237
         Punch             |       |     1 |       ||     1
         Mace              |       |       |    53 ||    53
   Cast: Kiss of Death     |     1 |     7 |     7 ||    15
         Hailstorm         |       |    14 |    56 ||    70
         Magic Dart        |       |       |    35 ||    35
    Use: Potion            |     1 |       |     8 ||     9
         Scroll            |     1 |       |    15 ||    16
   Stab: Sleeping          |     6 |     9 |     1 ||    16
         Distracted        |     1 |       |       ||     1
         Invisible         |       |       |     3 ||     3
 Armour: Leather armour    |    38 |    54 |    63 ||   155
  Dodge: Dodged            |    75 |    80 |    77 ||   232
